Map: [ESL] Goldenaura

Players

Classic

  • Race: Protoss Protoss
  • Spawn Location: 5:00

Cure - Winner!

  • Race: Terran Terran
  • Spawn Location: 12:00

Event: ESL Spring 2024 Finals

VOD

Have the link to the VOD?

Description

Time

  • Played on: June 1, 2024, 1:05 p.m.
  • Length: 14:23

All games in this series

Show
View Real Time Build Order
Export as new Build Order

Classic Protoss 

Build Orders: 1 Gate Expand, Blink Stalkers, Colossus Rush 

Get SALT Encoding   

  12  0:00  Probe  
  13  0:12  Probe  
  14  0:18  Pylon  
  14  0:24  Probe (Chrono Boost)  
  15  0:36  Probe (Chrono Boost)  
  15  0:37  Gateway  
  16  0:45  Assimilator, Probe (Chrono Boost)  
  17  0:50  Probe  
  18  1:03  Probe  
  19  1:15  Probe  
  20  1:23  Cybernetics Core  
  22  1:32  Nexus  
  20  1:39  Pylon  
  20  1:43  Probe  
  21  1:48  Assimilator  
  21  1:56  Adept (Chrono Boost), Probe  
  24  2:01  Warp Gate  
  24  2:08  Probe  
  25  2:19  Adept  
  25  2:20  Probe  
  28  2:25  Twilight Council  
  28  2:32  Probe  
  29  2:44  Probe x2 (Chrono Boost)  
  29  2:49  Stalker  
  33  2:53  Probe (Chrono Boost)  
  33  2:54  Probe (Chrono Boost)  
  35  2:58  Probe (Chrono Boost)  
  35  2:59  Probe (Chrono Boost)  
  35  3:04  Gateway  
  35  3:05  Blink (Chrono Boost)  
  37  3:12  Probe  
  38  3:14  Probe  
  39  3:20  Shield Battery  
  39  3:25  Robotics Facility  
  39  3:27  Probe  
  39  3:29  Probe  
  41  3:39  Probe  
  41  3:40  Gateway  
  42  3:43  Probe  
  42  3:47  Pylon  
  43  3:49  Assimilator  
  43  3:52  Probe  
  43  3:55  Probe  
  45  4:03  Pylon  
  45  4:05  Stalker x2  
  45  4:06  Probe  
  45  4:07  Probe  
  51  4:12  Observer  
  51  4:14  Assimilator  
  52  4:18  Probe  
  52  4:19  Probe  
  52  4:21  Pylon  
  53  4:30  Probe  
  53  4:31  Probe  
  53  4:32  Observer  
  55  4:40  Robotics Bay  
  55  4:42  Probe  
  55  4:43  Probe  
  57  4:48  Nexus  
  57  4:52  Pylon  
  57  4:53  Observer  
  57  4:56  Probe x2  
  59  5:03  Immortal (Chrono Boost)  
  63  5:08  Probe  
  63  5:09  Probe  
  63  5:13  Pylon  
  65  5:15  Charge  
  65  5:20  Stalker  
  67  5:22  Observer  
  67  5:23  Stalker  
  68  5:29  Probe x2  
  68  5:31  Observer  
  70  5:37  Colossus (Chrono Boost)  
  70  5:42  Probe x2  
  78  5:47  Extended Thermal Lance  
  78  5:54  Probe x2  
  78  5:55  Pylon  
  80  5:59  Forge  
  80  6:00  Probe  
  80  6:07  Sentry x2  
  80  6:08  Probe x2  
  86  6:15  Shield Battery  
  86  6:19  Probe  
  86  6:20  Probe  
  86  6:21  Observer, Colossus (Chrono Boost)  
  94  6:27  Gateway  
  94  6:30  Gateway  
  94  6:35  Gateway  
  94  6:37  Shield Battery, Protoss Ground Weapons Level 1 (Chrono Boost)  
  94  6:42  Sentry  
  94  6:44  Zealot  
  94  6:46  Pylon  
  98  6:48  Shield Battery  
  98  6:52  Probe  
  98  6:53  Probe x2  
  101  6:56  Pylon  
  101  6:57  Zealot  
  103  7:02  Warp Prism (Chrono Boost)  
  103  7:06  Assimilator, Observer  
  103  7:07  Probe  
  103  7:08  Assimilator, Probe  
  107  7:09  Probe  
  107  7:13  Zealot x2  
  107  7:15  Pylon  
  112  7:18  Observer  
  112  7:19  Gateway  
  112  7:30  Zealot x4  
  112  7:34  Pylon  
  112  7:36  Pylon  
  120  7:42  Nexus  
  120  7:44  Pylon  
  120  7:45  Disruptor (Chrono Boost)  
  120  7:48  Observer  
  124  7:53  Forge, Robotics Facility  
  124  7:56  Probe x3  
  125  7:58  Observer  
  125  8:03  Stalker x3  
  131  8:14  Probe x3  
  131  8:16  Disruptor  
  137  8:20  Nexus  
  137  8:23  Protoss Ground Armor Level 1 (Chrono Boost), Pylon  
  137  8:30  Protoss Ground Weapons Level 2 (Chrono Boost)  
  135  8:46  Gateway, Stalker x4  
  140  8:49  Zealot  
  140  8:50  Zealot  
  138  9:06  Zealot x3  
  122  9:16  Zealot x4  
  123  9:19  Probe  
  123  9:20  Probe x2  
  118  9:30  Stalker x3  
  119  9:32  Observer  
  117  9:40  Stalker x4  
  125  9:46  Robotics Facility  
  125  9:49  Pylon  
  125  9:52  Zealot x2  
  125  9:53  Zealot  
  125  9:54  Probe x3  
  134  10:04  Stalker x4  
  134  10:06  Probe x3  
  130  10:15  Zealot x3  
  124  10:24  Probe x4  
  124  10:27  Zealot x3  
  126  10:36  Probe x4  
  128  10:45  Protoss Ground Armor Level 2 (Chrono Boost)  
  128  10:49  Probe x4  
  132  10:54  Zealot x4  
  132  10:55  Zealot  
  142  11:03  Probe x3  
  142  11:04  Probe  
  146  11:12  Robotics Bay  
  146  11:15  Probe x2  
  146  11:16  Probe x2  
  150  11:19  Zealot x2  
  146  11:27  Probe  
  146  11:31  Shield Battery  
  142  11:34  Zealot  
  142  11:35  Zealot x5  
  154  11:44  Zealot x2  
  156  11:48  Pylon  
  156  11:58  Zealot x6  
  162  12:07  Warp Prism (Chrono Boost)  
  153  12:14  Probe x2  
  157  12:17  Pylon  
  157  12:19  Pylon  
  157  12:23  Probe  
  157  12:25  Nexus  
  150  12:32  Stalker x3  
  156  12:37  Zealot x4  
  156  12:40  Stalker  
  142  12:57  Zealot x5  
  142  12:58  Zealot  
  148  13:01  Zealot  
  126  13:14  Probe x3  
  126  13:17  Disruptor (Chrono Boost)  
  130  13:26  Probe x3  
  126  13:32  Stalker x2  
  126  13:33  Stalker, Zealot x2  
  136  13:38  Probe x3  
  136  13:39  Probe  
  140  13:47  Stalker  
  142  13:50  Probe x2  
  142  13:53  Probe x2  
  146  13:56  Photon Cannon  
  146  14:01  Zealot x3  
  146  14:02  Probe x2  
  154  14:03  Zealot  
  137  14:15  Zealot x4  
Show
View Real Time Build Order
Export as new Build Order

Cure Terran - Winner!

Build Orders: Cyclone Opening 

Get SALT Encoding   

  12  0:00  SCV  
  13  0:12  SCV  
  14  0:16  Supply Depot  
  14  0:24  SCV  
  15  0:38  SCV  
  15  0:39  Barracks  
  16  0:43  Refinery  
  16  0:50  SCV  
  16  0:52  Refinery  
  17  1:02  SCV  
  18  1:14  SCV  
  19  1:26  Orbital Command, Reaper  
  19  1:27  Supply Depot  
  20  1:41  Factory  
  20  1:52  SCV  
  21  1:59  Barracks Reactor  
  21  2:04  SCV  
  22  2:16  SCV  
  22  2:18  Command Center  
  23  2:27  Cyclone  
  23  2:29  SCV  
  26  2:41  SCV, Starport  
  27  2:47  Supply Depot  
  27  2:53  SCV  
  27  2:54  Marine  
  29  3:00  Widow Mine  
  31  3:08  SCV, Marine  
  33  3:14  Marine  
  33  3:17  Medivac  
  36  3:20  SCV  
  36  3:22  Widow Mine  
  39  3:30  Orbital Command  
  39  3:33  SCV  
  40  3:36  Marine x2  
  42  3:44  Factory Tech Lab  
  42  3:45  SCV  
  42  3:47  Starport Tech Lab  
  42  3:48  Supply Depot  
  42  3:54  Marine x2  
  44  3:56  SCV  
  44  3:58  SCV  
  44  4:00  Bunker  
  46  4:05  Siege Tank  
  46  4:07  Raven  
  51  4:10  SCV  
  51  4:12  SCV  
  53  4:17  Marine x2  
  53  4:24  Barracks  
  51  4:25  SCV x2  
  51  4:35  Marine x2  
  51  4:37  SCV x2  
  55  4:38  Siege Tank  
  55  4:44  Barracks  
  58  4:47  Supply Depot  
  58  4:50  SCV x2  
  60  4:52  Marine  
  60  4:53  Marine  
  60  4:58  Refinery  
  60  4:59  Supply Depot, Engineering Bay  
  62  5:09  SCV x2  
  62  5:10  Marine  
  65  5:16  Supply Depot  
  65  5:17  Supply Depot, Starport Reactor  
  65  5:19  Stimpack  
  65  5:21  SCV x2  
  65  5:25  Factory Reactor  
  65  5:27  Marine, Marauder  
  70  5:28  Marine  
  70  5:33  SCV x2  
  70  5:34  Terran Infantry Weapons Level 1  
  70  5:35  Refinery  
  73  5:38  Marauder  
  73  5:42  Combat Shield  
  75  5:46  SCV x2  
  75  5:47  Marine x2  
  75  5:48  Supply Depot  
  79  5:55  Marauder  
  81  5:59  Marauder  
  81  6:00  Supply Depot  
  83  6:09  Medivac x2  
  87  6:17  Command Center  
  87  6:20  Marauder  
  87  6:21  Marauder  
  87  6:22  Marine x2  
  93  6:27  Widow Mine x2  
  93  6:30  SCV x2  
  99  6:34  Supply Depot  
  99  6:42  Barracks  
  99  6:44  SCV  
  99  6:45  SCV  
  103  6:47  Marauder x2  
  103  6:48  Barracks  
  103  6:49  Marine x2  
  107  6:55  Supply Depot, Medivac  
  107  6:58  Medivac  
  111  7:04  SCV x2  
  111  7:05  Concussive Shells  
  111  7:08  Supply Depot  
  113  7:14  Marine, Marauder x2  
  118  7:17  Marine, Widow Mine x2  
  123  7:23  SCV x2  
  123  7:29  Terran Infantry Armor Level 1  
  125  7:31  Barracks Tech Lab  
  125  7:35  SCV x2  
  127  7:39  Barracks Reactor  
  127  7:40  Marauder x2  
  131  7:44  Marine  
  131  7:47  SCV x2  
  134  7:52  Orbital Command  
  133  7:59  SCV x2  
  133  8:02  Marauder x2  
  139  8:06  Supply Depot, Viking  
  139  8:07  Supply Depot  
  139  8:11  SCV  
  139  8:12  SCV  
  143  8:16  Viking  
  143  8:19  Marauder  
  147  8:20  Marine x2  
  147  8:27  Supply Depot  
  149  8:28  SCV x3, Marauder x2  
  149  8:33  Refinery  
  156  8:35  Ghost Academy  
  156  8:37  Refinery  
  156  8:40  SCV x3  
  159  8:42  Medivac  
  159  8:46  Medivac  
  163  8:49  Marauder x3  
  163  8:50  Marine x3  
  163  8:55  SCV x2, Widow Mine x2  
  171  9:08  Marine x4  
  164  9:10  Marauder  
  164  9:11  Marauder x2  
  164  9:12  Medivac  
  172  9:17  SCV x2  
  172  9:18  SCV  
  172  9:19  Medivac  
  167  9:29  SCV  
  167  9:30  SCV  
  167  9:31  Widow Mine x2  
  164  9:35  Ghost x3  
  166  9:42  Medivac  
  167  9:52  Missile Turret, Armory  
  167  9:53  Marine, Command Center  
  167  9:55  Engineering Bay, Missile Turret  
  168  10:00  Marine  
  168  10:02  Sensor Tower  
  168  10:04  Marauder  
  164  10:17  Marine x3, Marauder x2  
  164  10:18  Marine  
  161  10:23  Viking  
  161  10:25  Viking  
  161  10:26  Marauder  
  161  10:33  Widow Mine  
  161  10:34  Marine x3, Widow Mine  
  165  10:36  Marine  
  165  10:37  SCV  
  165  10:38  SCV x2  
  166  10:43  Terran Infantry Armor Level 2  
  166  10:45  Terran Infantry Weapons Level 2  
  166  10:51  SCV  
  166  10:52  SCV x2  
  166  10:53  Viking  
  166  10:55  Viking  
  173  11:00  Ghost x3  
  173  11:04  Marine x4  
  179  11:07  Orbital Command  
  183  11:21  Widow Mine  
  183  11:22  Widow Mine  
  185  11:30  Viking x2  
  188  11:37  Supply Depot  
  188  11:41  Marine x2  
  188  11:43  Marine  
  188  11:52  Orbital Command  
  188  11:58  Marine x2  
  188  11:59  Marauder x3  
  196  12:10  Barracks  
  196  12:11  Barracks  
  196  12:14  Barracks  
  196  12:17  Command Center  
  196  12:18  Missile Turret  
  196  12:21  Terran Ship Weapons Level 1  
  196  12:24  Marine  
  196  12:25  Marauder  
  196  12:26  Marauder  
  196  12:28  Marine x4  
  196  12:29  Viking  
  196  12:30  Refinery  
  196  12:32  Viking  
  196  12:39  Refinery  
  196  12:40  Refinery  
  196  12:41  Missile Turret  
  196  12:44  Sensor Tower  
  196  12:46  Marine  
  196  12:47  Marine x2  
  196  12:48  Marine, Marauder  
  196  12:49  Marauder x2  
  189  12:58  Widow Mine  
  185  12:59  Viking  
  185  13:02  Viking  
  185  13:04  Marine  
  185  13:05  Marine x2  
  190  13:06  Marine  
  190  13:09  Marauder  
  190  13:10  Barracks Tech Lab x2, Marauder x2, Barracks Reactor  
  183  13:22  Marine  
  183  13:23  Marine x3  
  183  13:26  Widow Mine x2  
  191  13:29  Medivac  
  191  13:31  Marine x2, Marauder, Sensor Tower  
  197  13:36  Ghost  
  197  13:40  Marine  
  200  13:56  Missile Turret  
  200  13:57  Missile Turret, Sensor Tower  
Tags
 
Add a new tag
Caveats
  • Supply blocks, unpowered buildings, or Contaminate may cause inaccurate times.
  • Supply counts are checked every 10 seconds.